 Dungeon Crawl Stone Soup version 0.30-a0-540-g0af01429fa (webtiles) character file.

Game seed: 985826884555730759

17608 drugrobin the Martial Artist (level 11, -7/88 HPs)
             Began as a Demigod Delver on Dec 25, 2022.
             Mangled by a tyrant leech (20 damage)
             ... on level 2 of the Lair of Beasts.
             The game lasted 00:38:32 (14258 turns).

drugrobin the Martial Artist (Demigod Delver)      Turns: 14258, Time: 00:38:32

Health: -7/88      AC: 17    Str: 17    XL:     11   Next: 93%
Magic:  0/20       EV: 11    Int: 16    God:
Gold:   1547       SH:  0    Dex: 19    Spells: 12/18 levels left

rFire   . . .      SeeInvis +      - Unarmed
rCold   . . .      Faith    .    (shield currently unavailable)
rNeg    . . .      Spirit   +    a - +4 ring mail
rPois   .          Reflect  .    M - +0 helmet
rElec   .          Harm     .    w - +1 cloak
rCorr   .          Rampage  .    (gloves currently unavailable)
Will    +....                    r - +0 pair of boots
Stlth   ++                       n - amulet of guardian spirit
HPRegen 0.34/turn                s - ring of see invisible
MPRegen 0.17/turn                y - +4 ring of protection

@: blade hands
A: high MP 1, forlorn, divine attributes
a: End Transformation


You were on level 2 of the Lair of Beasts.
You had blades for hands.
You visited 2 branches of the dungeon, and saw 12 of its levels.
You also visited: Bailey.

You collected 1547 gold pieces.

Inventory:

Hand Weapons
 b - a +0 sling
 g - a +2 hand axe of flaming
Missiles
 q - 4 curare-tipped darts
 t - a throwing net
 O - 12 poisoned darts (quivered)
Armour
 a - a +4 ring mail (worn)
 k - a +1 robe of willpower
 r - a +0 pair of boots (worn)
 w - a +1 cloak (worn)
 M - a +0 helmet (worn)
Jewellery
 n - an amulet of guardian spirit (around neck)
 s - a ring of see invisible (left blade hand)
 y - a +4 ring of protection (right blade hand)
 F - a ring of ice
Wands
 f - a wand of digging (3)
 i - a wand of flame (5)
 D - a wand of paralysis (7)
 K - a wand of polymorph (11)
Scrolls
 c - 2 scrolls of magic mapping
 d - 6 scrolls of fear
 h - 2 scrolls of enchant weapon {unknown}
 l - 3 scrolls of noise {unknown}
 m - 5 scrolls of teleportation {unknown}
 o - 2 scrolls of poison {unknown}
 p - 3 scrolls of fog
 u - a scroll of identify
 x - a scroll of blinking {unknown}
 C - 2 scrolls of butterflies {unknown}
 H - a scroll of vulnerability
 L - a scroll of immolation {unknown}
Potions
 e - 3 potions of haste
 j - 10 potions of curing
 v - 2 potions of attraction {unknown}
 z - a potion of flight {unknown}
 A - a potion of might
 G - a potion of ambrosia
 P - 2 potions of lignification


   Skills:
 - Level 5.4 Fighting
 - Level 1.7 Dodging
 - Level 4.5 Stealth
 + Level 13.5 Unarmed Combat
 - Level 4.0 Spellcasting
 * Level 10.2 Transmutations
 - Level 4.0 Evocations


You had 12 spell levels left.
You knew the following spells:

 Your Spells              Type           Power      Damage    Failure   Level
a - Magic Dart            Conj           12%        1d3       73%         1
b - Blade Hands           Tmut           17%        N/A       52%         5

Your spell library contained the following spells:

 Spells                   Type           Power      Damage    Failure   Level
 Passwall                 Tmut/Erth      15%        N/A       36%         2
 Sandblast                Erth           6%         2d5       73%         1
 Searing Ray              Conj           6%         2d4       83%         2
 Dazzling Flash           Conj/Hex       6%         N/A       95%         3
 Stone Arrow              Conj/Erth      6%         3d7       95%         3
 Animate Armour           Summ/Erth      6%         N/A       100%        4
 Fulminant Prism          Conj/Hex       1%         3d5       100%        4
 Agony                    Necr           3%         N/A       100%        5
 Silence                  Hex/Air        1%         N/A       100%        5
 Iron Shot                Conj/Erth      1%         9d1       100%        6


Dungeon Overview and Level Annotations

Branches:
Dungeon (10/15)            Temple (0/1) D:6            Lair (2/5) D:10
  Swamp (0/4) Lair:2       Bailey (visited)
  Snake: Lair:2-3    Spider: Lair:2-3       Orc: D:9-12

Annotations:
D:6 4 runed translucent doors
D:7 1 runed translucent door, Crazy Yiuf
D:9 exclusion: ice statue
Lair:2 3 runed translucent doors, Iich's ghost, journeyman MiFi; Jouwnead's ghost, journeyman DsBe


Innate Abilities, Weirdness & Mutations

You have blades for hands.
Your spellcasting is less reliable in this form.
You are incapable of wielding weapons or throwing items.
You have an increased reservoir of magic. (+10% MP)
You shall have no god before yourself.
Your divine heritage dramatically boosts your attributes as you level up.


Message History

The swamp worm closely misses you.
Unknown command.
Unknown command.
You feel much better. The swamp worm bites you!
* * * LOW HITPOINT WARNING * * *
The tyrant leech bites you!
* * * LOW HITPOINT WARNING * * *
The tyrant leech draws strength from your injuries!
Unknown command.
Unknown command.
You feel much better. The swamp worm misses you.
Unknown command.
Unknown command.
You closely miss the swamp worm. The tyrant leech bites you!!
* * * LOW HITPOINT WARNING * * *
The tyrant leech draws strength from your injuries!
The swamp worm closely misses you.
Unknown command.
Unknown command.
Unknown command.
You feel much better. The swamp worm closely misses you.
The tyrant leech bites you!
The tyrant leech draws strength from your injuries!
Unknown command.
Unknown command.
You closely miss the swamp worm. The swamp worm bites you!
* * * LOW HITPOINT WARNING * * *
Unknown command.
Unknown command.
Unknown command.
You slash the swamp worm! x2
The swamp worm is heavily wounded.
The tyrant leech barely misses you.
The swamp worm bites you but does no damage.
Unknown command.
Unknown command.
You slice the swamp worm!!
You kill the swamp worm!
The tyrant leech bites you!!
You die...

###...[.... ....)##....
####...........
...........
#............. .......
##P..........$. .......
###..............
.......
#...............♣♣♣♣♣
.......
####............♣♣~≈§♣♣
.......
#...............♣♣§§§≈♣
.......
##........(.....@w§§§§♣
.......
#...............♣w§§§§♣
.......
##......#.......♣♣§♣§♣♣
.......
.......#.........♣♣♣♣♣
.......
......###............
.......
...#...#....#........#
.......
##.##.#.#.PP##......##
.......
####################
#######


You could see 2 tyrant leeches.

Vanquished Creatures
  A hydra (Lair:2)
  3 two-headed ogres
  An orc knight (Bailey)
  Pikel (D:4)
  A wizard (D:10)
  A deep elf pyromancer (Bailey)
  5 cane toads
  4 komodo dragons
  2 hornets
  A polar bear (Lair:1)
  Prince Ribbit (D:7)
  8 blink frogs (Lair:1)
  A wraith (D:9)
  19 yaks
  A basilisk (Lair:2)
  4 small abominations (D:10)
  2 steam dragons
  3 large abominations (D:10)
  A swamp worm (Lair:2)
  7 water moccasins
  8 orc warriors
  A black bear (D:7)
  3 ice beasts
  4 ogres
  6 wolves (Lair:1)
  2 centaurs
  A phantom (D:6)
  8 bullfrogs
  A necrophage (D:6)
  A gnoll sergeant (D:9)
  A scorpion (D:3)
  3 wights (D:6)
  4 killer bees (D:9)
  2 howler monkeys
  3 jellies
  2 orc priests
  4 hounds
  An iguana (D:6)
  7 orc wizards
  2 hell rats
  11 gnolls
  9 adders
  A white imp (D:5)
  2 ufetubi
  A worm (D:5)
  3 dart slugs
  46 orcs
  3 ball pythons
  5 bats
  5 endoplasms
  2 giant cockroaches
  8 goblins
  4 hobgoblins
  8 jackals
  2 quokkas
  4 frilled lizards
  13 kobolds
  5 rats
263 creatures vanquished.

Vanquished Creatures (others)
  2 fungi
  2 plants (Lair:2)
  6 withered plants (Lair:2)
10 creatures vanquished.

Grand Total: 273 creatures vanquished

Notes
Turn   | Place    | Note
-------+----------+-------------------------------------------
     0 | D:5      | drugrobin the Demigod Delver began the quest for the Orb.
     0 | D:5      | Reached XP level 1. HP: 18/18 MP: 3/3
    35 | D:5      | Noticed a howler monkey
    62 | D:5      | Noticed an orc warrior
    93 | D:4      | Noticed Pikel
    93 | D:4      | Noticed a lemure
    93 | D:4      | Noticed a lemure
    93 | D:4      | Noticed a lemure
    93 | D:4      | Noticed a lemure
   133 | D:4      | Reached skill level 2 in Unarmed Combat
   177 | D:4      | Reached skill level 1 in Evocations
   187 | D:4      | Reached XP level 2. HP: 14/25 MP: 4/4
   508 | D:3      | Reached XP level 3. HP: 13/30 MP: 5/5
   926 | D:4      | Reached skill level 3 in Unarmed Combat
  1122 | D:3      | Reached XP level 4. HP: 11/37 MP: 6/6
  3223 | D:3      | Reached XP level 5. HP: 39/42 MP: 7/7
  3528 | D:4      | Reached skill level 4 in Unarmed Combat
  3682 | D:5      | Noticed an ogre
  3930 | D:5      | Noticed an ogre
  3939 | D:5      | Killed an ogre
  3940 | D:5      | Reached XP level 6. HP: 50/50 MP: 8/8
  4039 | D:5      | Reached skill level 5 in Unarmed Combat
  4891 | D:5      | Reached skill level 6 in Unarmed Combat
  4891 | D:5      | Reached XP level 7. HP: 47/56 MP: 7/9
  5212 | D:6      | Found a large runed translucent door.
  5213 | D:6      | Found a large runed translucent door.
  5216 | D:6      | Noticed a hornet
  5314 | D:6      | Noticed a komodo dragon
  5315 | D:6      | Reached skill level 7 in Unarmed Combat
  5705 | D:6      | Found a large runed translucent door.
  5706 | D:6      | Found a large runed translucent door.
  5746 | D:6      | Noticed a two-headed ogre
  5766 | D:6      | Killed a two-headed ogre
  5767 | D:6      | Reached skill level 8 in Unarmed Combat
  5767 | D:6      | Reached XP level 8. HP: 67/67 MP: 10/10
  5792 | D:6      | Learned a level 1 spell: Magic Dart
  5869 | D:6      | Killed a komodo dragon
  5870 | D:6      | Reached skill level 5 in Fighting
  5978 | D:6      | Reached skill level 9 in Unarmed Combat
  6191 | D:6      | Found a staircase to the Ecumenical Temple.
  6499 | D:6      | Reached XP level 9. HP: 70/74 MP: 11/11
  6678 | D:4      | Killed Pikel
  6679 | D:4      | Reached skill level 10 in Unarmed Combat
  7232 | D:7      | Noticed Prince Ribbit
  7254 | D:7      | Killed Prince Ribbit
  7255 | D:7      | Reached skill level 11 in Unarmed Combat
  7487 | D:7      | Found a runed translucent door.
  7488 | D:7      | Noticed Crazy Yiuf
  7658 | D:7      | Identified a scroll of acquirement
  7659 | D:7      | Acquired 667 gold pieces
  8446 | D:8      | Learned a level 5 spell: Blade Hands
  9129 | D:9      | Noticed an ice devil
  9132 | D:9      | Noticed an ice devil
  9132 | D:9      | Noticed an ice devil
  9133 | D:9      | Noticed an ice statue
  9133 | D:9      | Noticed an ice devil
  9133 | D:9      | Noticed an ice devil
  9212 | D:9      | Found a flagged portal.
  9228 | D:9      | Reached skill level 1 in Transmutations
  9288 | Bailey   | Entered a bailey
  9412 | Bailey   | Reached skill level 1 in Spellcasting
  9627 | Bailey   | Found a large runed translucent door.
  9627 | Bailey   | Found a large runed translucent door.
  9627 | Bailey   | Noticed an orc knight
  9629 | Bailey   | Noticed a deep elf pyromancer
  9742 | Bailey   | Reached XP level 10. HP: 68/81 MP: 12/15
  9833 | Bailey   | Killed an orc knight
 10005 | Bailey   | Killed a deep elf pyromancer
 10006 | Bailey   | Reached skill level 12 in Unarmed Combat
 10015 | Bailey   | Identified the +5 morningstar "Vomumann" {vorpal, Will+
                  | SInv}
 10117 | D:9      | Noticed a two-headed ogre
 10356 | D:9      | Reached skill level 5 in Transmutations
 11196 | D:9      | Killed a two-headed ogre
 11324 | D:10     | Entered Level 10 of the Dungeon
 11338 | D:10     | Noticed a death yak
 11397 | D:10     | Noticed a death yak
 11518 | D:10     | Noticed a wizard
 11527 | D:10     | Killed a wizard
 11562 | D:10     | Reached XP level 11. HP: 26/88 MP: 7/20
 11748 | D:10     | Noticed a two-headed ogre
 11766 | D:10     | Killed a two-headed ogre
 11774 | D:10     | Found a staircase to the Lair.
 11786 | D:10     | Noticed a death yak
 11792 | Lair:1   | Entered Level 1 of the Lair of Beasts
 12336 | Lair:1   | Reached skill level 13 in Unarmed Combat
 13541 | Lair:2   | Noticed an eight-headed hydra
 13562 | Lair:2   | Killed a one-headed hydra
 13563 | Lair:2   | Reached skill level 10 in Transmutations
 13854 | Lair:2   | Found a runed translucent gate.
 13854 | Lair:2   | Found a runed translucent gate.
 13855 | Lair:2   | Found a runed translucent gate.
 13859 | Lair:2   | Noticed Iich's ghost (journeyman MiFi)
 13859 | Lair:2   | Noticed Jouwnead's ghost (journeyman DsBe)
 14243 | Lair:2   | Found a staircase to the Swamp.
 14258 | Lair:2   | Mangled by a tyrant leech

Illustrated notes

Levels and vault maps discovered:
D:1:      minmay_arrival_widening_spiral_wide, layout_basic, minmay_cupped
D:2:      layout_basic, nicolae_ecumenical_lake_church
D:3:      layout_basic, kiku_gazebo_pond_becter, minmay_crystal_room,
          mrwooster_statue_mirror, dk_noncrumbling_2
D:4:      layout_gridville, fedhas_altar_2, overflow_temple_1_default,
          kennysheep_little_box, uniq_pikel
D:5:      layout_layer_cave, nicolae_fountain_basement
D:6:      nicolae_cairo_tiling_large, layout_basic, okawaru_trees_1,
          nicolae_wu_jian_immortal_techniques, temple_pool_b,
          minmay_hollow_rounded_squares
D:7:      layout_basic, lemuel_blue_sif_altar, grunt_gozag_statues,
          gammafunk_temple_overflow_statue, nicolae_overflow_crystal_walls,
          serial_curves, eino_curves_03, eino_curves_02, uniq_prince_ribbit1,
          uniq_crazy_yiuf_cottage
D:8:      layout_basic
D:9:      cheibrodos_frozen_isle, layout_long_grid, trog_hazing_becter,
          enter_bailey_6
D:10:     layout_irregular_city, mainiacjoe_overflow_alcove_1,
          dpeg_lair_monsters, erik_orc_1, gammafunk_ghost_grave, laboratory
Lair:1:   layout_hall_layers, enter_volcano_2, lemuel_fruit_fields,
          grunt_megastairs_1
Lair:2:   layout_hall_layers, minmay_swamp_entry_worms, gammafunk_ghost_cemetery

Skill      XL: |  1  2  3  4  5  6  7  8  9 10 11 |
---------------+----------------------------------+-----
Unarmed Combat | 2 3 4 6 8 9 11 12 13 | 13.5
Evocations     | 1 2 3 4 |  4.0
Fighting       | 4 5 |  5.4
Transmutations | 2 6 10 | 10.2
Spellcasting   | 1 4 |  4.0
Dodging        | |  1.7
Stealth        | |  4.5

Action                   |  1- 3 |  4- 6 |  7- 9 | 10-12 || total
-------------------------+-------+-------+-------+-------++-------
Melee: Unarmed           |    99 |   215 |   315 |   439 ||  1068
       Punch             |     2 |    10 |    15 |    39 ||    66
       Hand axe          |       |       |       |    10 ||    10
 Fire: Sling             |       |    22 |     3 |       ||    25
Throw: Dart              |     5 |    19 |     7 |     1 ||    32
       Throwing net      |       |     1 |       |     2 ||     3
       Boomerang         |       |       |    12 |     2 ||    14
 Cast: Magic Dart        |       |       |     1 |     1 ||     2
       Blade Hands       |       |       |       |    10 ||    10
Evoke: Wand              |     7 |    17 |    20 |     1 ||    45
  Use: Scroll            |       |     1 |    12 |     1 ||    14
       Potion            |       |       |       |     9 ||     9
 Stab: Sleeping          |     1 |    10 |     8 |     1 ||    20
       Paralysed         |       |       |    29 |     2 ||    31
       Distracted        |       |       |     1 |       ||     1
       Held in net/web   |       |       |       |     1 ||     1
Armor: Leather armour    |    18 |    72 |    38 |       ||   128
       Ring mail         |       |       |    51 |   205 ||   256
       Steam dragon scal |       |       |    10 |       ||    10
       Skin              |       |       |       |     9 ||     9
Dodge: Dodged            |    77 |   130 |   130 |   226 ||   563

Table legend: (Time is in decaauts)
 A = Elapsed time spent in this place.
 B = Non-inter-level travel time spent in this place.
 C = Inter-level travel time spent in this place.
 D = Time resting spent in this place.
 E = Time spent auto-exploring this place.
 F = Levels seen in this place.
 G = Mean time per level.
                   A        B        C        D        E       F      G
               +--------+--------+--------+--------+--------+-----+--------+
         Total |  14103 |  13126 |    977 |   1262 |   8332 |  13 | 1084.8 |
       Dungeon |  10922 |  10040 |    882 |    860 |   6448 |  10 | 1092.2 |
          Lair |   2417 |   2322 |     95 |    260 |   1613 |   2 | 1208.5 |
        Bailey |    763 |    763 |      0 |    142 |    271 |   1 |  763.0 |
               +--------+--------+--------+--------+--------+-----+--------+

Top non-repeatable levels by time:
     D:7: 1513 daAuts
     D:9: 1505 daAuts
     D:4: 1455 daAuts
     D:6: 1434 daAuts
     D:5: 1410 daAuts
  Lair:2: 1235 daAuts
  Lair:1: 1181 daAuts
     D:3: 1047 daAuts
     D:1: 792 daAuts
  Bailey: 763 daAuts
     D:8: 730 daAuts
     D:2: 724 daAuts
    D:10: 309 daAuts
